 Seeded DCSS version 0.29.1-12-g30fa7ad0bf (webtiles) character file.

Game seed: 20221214 (custom seed)

49 jessy the Slasher (level 3, -2/30 HPs)
             Began as a Merfolk Berserker on Dec 14, 2022.
             Was a Believer of Trog.
             Slain by a goblin
             ... wielding a +0 club
              (4 damage)
             ... on level 2 of the Dungeon.
             The game lasted 00:02:50 (1202 turns).

jessy the Slasher (Merfolk Berserker)               Turns: 1202, Time: 00:02:50

Health: -2/30      AC:  3    Str: 19    XL:     3   Next: 75%
Magic:  3/3        EV: 12    Int:  6    God:    Trog [**....]
Gold:   125        SH:  3    Dex: 13    Spells: 2/2 levels left

rFire   . . .      SeeInvis .   m - +0 mace (vorpal)
rCold   . . .      Faith    .   f - +0 buckler
rNeg    . . .      Spirit   .   c - +0 leather armour
rPois   .          Reflect  .   (no helmet)
rElec   .          Harm     .   (no cloak)
rCorr   .          Rampage  .   (no gloves)
Will    .....                   (no boots)
Stlth   +.........              (no amulet)
HPRegen 0.10/turn               (no ring)
MPRegen 0.08/turn               (no ring)

@: no status effects
A: (nimble swimmer 2), mertail
a: Renounce Religion, Berserk, Trog's Hand


You were on level 2 of the Dungeon.
You worshipped Trog.
Trog was pleased with you.
You visited 1 branch of the dungeon, and saw 2 of its levels.

You collected 125 gold pieces.

Inventory:

Hand Weapons
 a - a +0 falchion
 d - a +0 dagger
 h - a +1 dagger of electrocution
 m - a +0 vorpal mace (weapon)
Armour
 b - a +0 animal skin
 c - a +0 leather armour (worn)
 f - a +0 buckler (worn)
Scrolls
 j - a scroll of teleportation {unknown}
Potions
 e - a potion of brilliance {unknown}
 g - a potion of degeneration {unknown}
 i - a potion of curing {unknown}
 k - a potion of might {unknown}
 l - a potion of invisibility {unknown}


   Skills:
 + Level 3.7 Fighting
 + Level 4.3 Long Blades
 + Level 1.8 Armour
 + Level 3.4 Dodging


You had 2 spell levels left.
You didn't know any spells.
Your spell library contained the following spells:

 Spells                   Type           Power      Damage    Failure   Level
 Tukima's Dance           Hex            0%         N/A       94%         3
 Passage of Golubria      Tloc           0%         N/A       100%        4
 Yara's Violent Unravell  Hex/Tmut       0%         3d3       100%        5


Dungeon Overview and Level Annotations

Branches:
Dungeon (2/15)

Altars:


Innate Abilities, Weirdness & Mutations

((You are very nimble when in or above water. (Stealth+, EV+, Speed+++)))
Your lower body shifts to a powerful aquatic tail in water.


Message History

Found a barding.
You now have 125 gold pieces (gained 11).
Things that are here:
a +0 dagger; 6 stones
Things that are here:
a +0 dagger; 6 stones You start resting.
An orc comes into view. It is wielding a +0 mace.
The orc shouts!
Things that are here:
a +0 dagger; 6 stones The orc throws a stone.
The stone barely misses you. The orc hits you with a +0 mace.
You barely miss the orc. The orc barely misses you.
You barely miss the orc. You block the orc's attack.
You barely miss the orc. The orc closely misses you. The orc barely misses you.
You hit the orc.
The orc is severely wounded.
The orc barely misses you.
You barely miss the orc.
The orc is severely wounded.
The orc hits you with a +0 mace.
* * * LOW HITPOINT WARNING * * *
The orc misses you.
You hit the orc but do no damage.
The orc is severely wounded.
The orc hits you with a +0 mace!
* * * LOW HITPOINT WARNING * * *
You hit the orc.
You kill the orc!
Trog accepts your kill.
Things that are here:
a +0 mace; 6 stones A goblin comes into view.
It is wielding a +0 club.
A hobgoblin comes into view.
The hobgoblin shouts!
You barely miss the hobgoblin. The hobgoblin closely misses you.
You closely miss the hobgoblin. The goblin hits you with a +0 club.
You die...

#... .... #..#
..# ..# #
#.##.# ## .. #
#.#..# .#.#
#.#[#g.#..8 ..
#.....@#.#8...
####..g.......
##..#..###.
#.)#.### #..#
#.####
#..##.....##
#########
#..)........
........####
#.#.†###.##
........+..#
#.#..#


You could see a hobgoblin and a goblin.

Vanquished Creatures
  2 adders (D:2)
  An orc (D:2)
  3 bats (D:1)
  2 endoplasms
  2 giant cockroaches (D:1)
  4 goblins
  4 hobgoblins
  5 ball pythons (D:1)
  3 frilled lizards (D:1)
  2 rats (D:1)
28 creatures vanquished.

Vanquished Creatures (others)
  6 fungi (D:2)
6 creatures vanquished.

Grand Total: 34 creatures vanquished

Notes
Turn   | Place    | Note
-------+----------+-------------------------------------------
     0 | D:1      | jessy the Merfolk Berserker began the quest for the Orb.
     0 | D:1      | Reached XP level 1. HP: 18/18 MP: 1/1
   242 | D:1      | Reached skill level 4 in Long Blades
   242 | D:1      | Reached XP level 2. HP: 24/24 MP: 2/2
   801 | D:1      | Reached XP level 3. HP: 26/30 MP: 3/3
  1151 | D:2      | Reached ** piety under Trog
  1193 | D:2      | HP: 1/30 [orc/+0 mace (7)]
  1202 | D:2      | Slain by a goblin

Illustrated notes

Levels and vault maps discovered:
D:1:      dpeg_arrival_fog, layout_basic, minmay_tetromino_t2
D:2:      layout_basic, dreamdust_mushroom_princess, chequers_mini_garden,
          guppyfry_early_orc_mine, uniq_crazy_yiuf_cottage, uniq_sigmund

Skill      XL: |  1  2  3 |
---------------+----------+-----
Long Blades    | 4 |  4.3
Dodging        | 3 |  3.4
Fighting       | |  3.7
Armour         | |  1.8

Action                   || total
-------------------------++-------
Melee: Falchion          ||    79
       Mace              ||    19
Armor: Leather armour    ||    34
Dodge: Dodged            ||    90
Block: Buckler           ||    15
